 Dungeon Crawl Stone Soup version 0.20.0-15-g7f486f2 (webtiles) character file.

129 greprep the Grave Robber (level 4, -3/36 HPs)
             Began as a Deep Dwarf Necromancer on June 29, 2017.
             Shot with an arrow by a centaur (7 damage)
             ... on level 3 of the Dungeon.
             The game lasted 00:08:06 (2882 turns).

greprep the Grave Robber (Deep Dwarf Necromancer)   Turns: 2882, Time: 00:08:07

Health: -3/36      AC:  3    Str: 11    XL:     4   Next: 88%
Magic:  17/17      EV: 13    Int: 20    God:
Gold:   178        SH:  0    Dex: 13    Spells: 4/8 levels left

rFire    . . .     SeeInvis .   q - +1 short sword (vamp)
rCold    . . .     Gourm    .   (no shield)
rNeg     . . .     Faith    .   a - +0 robe
rPois    .         Spirit   .   (no helmet)
rElec    .         Reflect  .   (no cloak)
rCorr    .         Harm     .   g - +0 pair of gloves
MR       .....                  (no boots)
Stlth    ++........             (no amulet)
Regen    0.0/turn               e - +3 ring of intelligence
MPRegen  0.2/turn               p - ring of magical power

@: non-regenerating
A: damage resistance, heal wounds, sense surroundings 1, no regeneration
a: Heal Wounds


You were on level 3 of the Dungeon.
You were very hungry.

You visited 1 branch of the dungeon, and saw 3 of its levels.

You collected 178 gold pieces.

Inventory:

Hand Weapons
 q - a +1 vampiric short sword (weapon)
Armour
 a - a +0 robe (worn)
 g - a +0 pair of gloves (worn)
Jewellery
 e - a +3 ring of intelligence (left hand)
 o - an uncursed ring of resist corrosion
 p - a ring of magical power (right hand)
 w - a cursed ring of teleportation {unknown}
Scrolls
 c - a scroll of teleportation {unknown}
 i - a scroll of fog {unknown}
 j - 3 scrolls of identify {unknown}
 k - a scroll of remove curse {unknown}
 l - 4 scrolls of enchant armour {unknown}
 n - a scroll of random uselessness {unknown}
 v - a scroll of amnesia {unknown}
Potions
 h - a potion of degeneration {unknown}
 m - 2 potions of lignification {unknown}
 r - a potion of haste {unknown}
 s - 2 potions of might {unknown}
 t - 2 potions of curing {unknown}
 u - a potion of flight {unknown}
Books
 b - a book of Necromancy

   Spells                             Type                      Level
   a - Pain                           Necromancy                   1
   b - Animate Skeleton               Necromancy                   1
   c - Vampiric Draining              Necromancy                   3
   d - Regeneration                   Charms/Necromancy            3
   e - Animate Dead                   Necromancy                   4
   f - Control Undead                 Necromancy                   4
Comestibles
 d - 2 meat rations
 f - a royal jelly


   Skills:
 + Level 0.3 Short Blades
 + Level 2.6 Dodging
 - Level 2.4 Stealth
 + Level 2.8 Spellcasting
 + Level 5.8 Necromancy


You had 4 spell levels left.
You knew the following spells:

 Your Spells              Type           Power        Failure   Level  Hunger
a - Pain                  Necr           ####         1%          1    None
b - Vampiric Draining     Necr           ####......   3%          3    ###....


Dungeon Overview and Level Annotations

Branches:
Dungeon (3/15)

Altars:

Annotations:
D:3 Grinder


Innate Abilities, Weirdness & Mutations

You are resistant to damage.
You can heal yourself by infusing magical energy.
You passively map a small area around you.
You do not regenerate.


Message History

You see here 16 stones.
You see here 16 stones.
You see here a scale mail.
Found a whip.
A centaur comes into view.
The centaur wields a shortbow.
The centaur shoots an arrow.
The arrow hits you!
Things that are here:
an arrow; a whip The centaur shoots an arrow.
The arrow hits you!
You see here an arrow.
Okay, then.
Casting: Vampiric Draining
Confirm with . or Enter, or press ? or * to list all spells.
You can't see any susceptible monsters within range! (Use Z to cast anyway.)
The centaur shoots an arrow.
The arrow hits you!
* * * LOW HITPOINT WARNING * * *
Things that are here:
2 arrows; a whip The centaur shoots an arrow.
The arrow hits you!
You die...

#.# #.##.# #c#
#.##.# #.# #.##.#
#.# #.#..# #.#
#.#.## #.# #.#.#
#(# #...# #(#
##..# #@#
#..#######
#.#######..##.....
#.......[.....####
#########.......##
#.........
####.##### #.# #.#
#.#


You could see a centaur.

Vanquished Creatures
  Terence (D:2)
  Natasha (D:3)
  3 adders
  An ooze (D:2)
  2 worms
  A dart slug (D:1)
  3 leopard geckos
  An orc (D:3)
  A giant cockroach (D:2)
  3 hobgoblins
  2 quokkas
  3 bats
  2 frilled lizards
  6 goblins
  3 kobolds
  10 rats
43 creatures vanquished.

Notes
Turn   | Place    | Note
-------+----------+-------------------------------------------
     0 | D:1      | greprep the Deep Dwarf Necromancer began the quest for the Orb.
     0 | D:1      | Reached XP level 1. HP: 15/15 MP: 3/3
   284 | D:1      | You fall through a shaft!
   641 | D:1      | Reached XP level 2. HP: 16/22 MP: 2/4
   872 | D:1      | Reached skill level 5 in Necromancy
  1343 | D:2      | Noticed Terence
  1383 | D:2      | HP: 1/22 [Terence/mace (1)]
  1385 | D:2      | Killed Terence
  1385 | D:2      | Reached XP level 3. HP: 1/28 MP: 1/6
  1631 | D:2      | Learned a level 3 spell: Vampiric Draining
  1768 | D:2      | Reached XP level 4. HP: 35/36 MP: 0/7
  2639 | D:3      | Noticed Natasha
  2647 | D:3      | Killed Natasha
  2649 | D:3      | Noticed Grinder
  2879 | D:3      | Noticed a centaur
  2882 | D:3      | Shot with an arrow by a centaur

Skill      XL: |  1  2 |
---------------+-------+-----
Necromancy     | 5 |  5.8
Spellcasting   | 2 |  2.8
Short Blades   | |  0.3
Dodging        | |  2.6
Stealth        | |  2.4

Action                   |  1- 3 |  4- 6 || total
-------------------------+-------+-------++-------
Melee: Unarmed           |    27 |       ||    27
       Dagger            |    73 |    26 ||    99
       Short sword       |       |    30 ||    30
 Cast: Pain              |    23 |     9 ||    32
       Vampiric Draining |     4 |    12 ||    16
 Abil: Heal Wounds       |     2 |       ||     2
 Stab: Sleeping          |     4 |     2 ||     6
  Eat: Chunk             |     3 |     4 ||     7
       Bread ration      |       |     1 ||     1
Armor: Robe              |    27 |     9 ||    36
Dodge: Dodged            |    66 |    35 ||   101
